 Dungeon Crawl Stone Soup version 0.31-a0-325-g067879e3d3 (webtiles) character file.

Game seed: 3581484303751349353

194 AdnanSaban the Covered (level 5, -9/33 HPs)
             Began as a Gargoyle Fighter on July 18, 2023.
             Mangled by Eustachio
             ... wielding a +6 falchion of flaming
              (11 damage)
             ... on level 4 of the Dungeon.
             The game lasted 00:02:37 (1866 turns).

AdnanSaban the Covered (Gargoyle Fighter)           Turns: 1866, Time: 00:02:38

Health: -9/33      AC: 14    Str: 22    XL:     5   Next: 73%
Magic:  5/5        EV:  8    Int:  8    God:
Gold:   189        SH:  4    Dex:  9    Spells: 4/4 levels left

rFire   + . .        p - +1 flail (protect)
rCold   . . .        c - +0 buckler
rNeg    + . .        r - +0 chain mail
rPois   ∞            (no helmet)
rElec   +            q - +0 cloak
rCorr   .            (no gloves)
SInv    .            (no boots)
Will    .....        (no amulet) Stlth
                     g - ring of protection from fire
HPRegen 0.25/turn    (no ring)
MPRegen 0.09/turn

%: no passive effects
@: no status effects
A: sickness immunity, AC +4, negative energy resistance 1, electricity
resistance, torment resistance 1, petrification resistance
a: no special abilities


You were on level 4 of the Dungeon.
You visited 1 branch of the dungeon, and saw 4 of its levels.

You collected 189 gold pieces.

Inventory:

Hand Weapons
 p - a +1 flail of protection (weapon)
Missiles
 a - a throwing net
Armour
 c - a +0 buckler (worn)
 h - a scarf of resistance
 q - a +0 cloak (worn)
 r - a +0 chain mail (worn)
Jewellery
 g - a ring of protection from fire (left hand)
Scrolls
 e - a scroll of identify {unknown}
 f - 2 scrolls of noise {unknown}
 i - a scroll of revelation {unknown}
 j - 2 scrolls of teleportation {unknown}
 k - a scroll of poison {unknown}
 m - a scroll of enchant weapon {unknown}
 n - a scroll of blinking {unknown}
Potions
 d - 2 potions of might
 l - a potion of enlightenment {unknown}
 o - 2 potions of curing {unknown}


   Skills:
 + Level 4.1 Fighting
 + Level 3.9 Maces & Flails
 + Level 4.3 Armour
 + Level 4.1 Shields


You had 4 spell levels left.
You didn't know any spells.
Your spell library was empty.

Dungeon Overview and Level Annotations

Branches:
Dungeon (4/15)
 Temple: D:4-7

Altars:
Hepliaklqana

Annotations:
D:4 Eustachio


Innate Abilities, Weirdness & Mutations

You are immune to sickness and miasma.
Your stone body is resilient. (AC +4)
You are immune to poison.
You resist negative energy. (rN+)
You are resistant to electric shocks. (rElec)
You are resistant to unholy torment.
You are immune to petrification.


Message History

You are too injured to fight recklessly!
You are too injured to fight recklessly!
You are too injured to fight recklessly!
You are too injured to fight recklessly!
You are too injured to fight recklessly!
You are too injured to fight recklessly!
You are too injured to fight recklessly!
You are too injured to fight recklessly!
You are too injured to fight recklessly!
You are too injured to fight recklessly!
You are too injured to fight recklessly!
You are too injured to fight recklessly!
You are too injured to fight recklessly!
You are too injured to fight recklessly!
You are too injured to fight recklessly!
You hit Eustachio.
Eustachio is almost dead.
The rat barely misses you.
Eustachio mumbles some strange words.
Eustachio blinks!
You thump the rat!
You kill the rat!
The rat's corpse disappears in a puff of smoke!
You barely miss Eustachio.
Eustachio is almost dead.
Eustachio barely misses you.
Eustachio gestures wildly while chanting.
You barely miss Eustachio.
Eustachio is almost dead.
Eustachio hits you with a +6 falchion of flaming.
You closely miss Eustachio.
Eustachio is almost dead.
Eustachio hits you with a +6 falchion of flaming!
* * * LOW HITPOINT WARNING * * *
Eustachio burns you.
* * * LOW HITPOINT WARNING * * *
You closely miss Eustachio.
Eustachio is almost dead.
Eustachio hits you with a +6 falchion of flaming!
You die...

#### ...# ###.#.#
##.....#
#########<.#.#.#.##
#..................
#.#######..@)##..#.
#.# #..@5....# #.#
#..........
######.#
#.........#
.......#
#.........#
######.#
#.......... ###
#.....#..## ####
.......... ...#


You could see Eustachio and an iron imp (summoned).

Vanquished Creatures
  An iguana (D:3)
  An orc wizard (D:4)
  3 adders
  4 gnolls (D:3)
  A worm (D:2)
  A dart slug (D:3)
  2 orcs (D:4)
  5 ball pythons
  7 endoplasms
  4 giant cockroaches
  7 goblins
  8 hobgoblins
  3 jackals (D:1)
  5 kobolds
  A quokka (D:1)
  6 bats
  2 frilled lizards
  5 rats
66 creatures vanquished.

Notes
Turn   | Place    | Note
-------+----------+-------------------------------------------
     0 | D:1      | AdnanSaban the Gargoyle Fighter began the quest for the
                  | Orb.
     0 | D:1      | Reached XP level 1. HP: 14/14 MP: 1/1
   141 | D:1      | Reached XP level 2. HP: 19/19 MP: 2/2
   359 | D:1      | Reached XP level 3. HP: 23/23 MP: 3/3
   920 | D:2      | Reached XP level 4. HP: 29/29 MP: 4/4
  1213 | D:3      | Reached XP level 5. HP: 33/33 MP: 5/5
  1600 | D:3      | Found a hazy altar of Hepliaklqana.
  1798 | D:4      | Noticed Eustachio
  1865 | D:4      | HP: 1/33 [Eustachio/+6 falchion of flaming (1)]
  1866 | D:4      | Mangled by Eustachio

Illustrated notes

Levels and vault maps discovered:
D:1:      shiori_angband_town, layout_loops_ring
D:2:      layout_rooms, minmay_misc_feat_room
D:3:      layout_rooms, nzn_hepliaklqana_mist_gate, serial_corexii_hall,
          chequers_hall_statues_y, chequers_hall_statues_wall_a,
          chequers_hall_statues_corner_a, corexii_hall_statues_i
D:4:      layout_basic, kennysheep_mini, nicolae_qazlal_style_of_elements,
          uniq_eustachio

Skill      XL: |  1  2  3  4  5 |
---------------+----------------+-----
Maces & Flails | 3 |  3.9
Armour         | 4 |  4.3
Fighting       | 4 |  4.1
Shields        | 4 |  4.1

Action                     |  1- 3 |  4- 6 || total
---------------------------+-------+-------++-------
  Melee: Flail             |   118 |   110 ||   228
 Armour: Scale mail        |    40 |    38 ||    78
         Chain mail        |       |    51 ||    51
  Dodge: Dodged            |    62 |    61 ||   123
  Block: Buckler           |    27 |    36 ||    63

Table legend: (Time is in decaauts)
 A = Elapsed time spent in this place.
 B = Non-inter-level travel time spent in this place.
 C = Inter-level travel time spent in this place.
 D = Time resting spent in this place.
 E = Time spent auto-exploring this place.
 F = Levels seen in this place.
 G = Mean time per level.
                   A        B        C        D        E       F      G
               +--------+--------+--------+--------+--------+-----+--------+
         Total |   1929 |   1867 |     62 |     19 |   1331 |   4 |  482.2 |
       Dungeon |   1929 |   1867 |     62 |     19 |   1331 |   4 |  482.2 |
               +--------+--------+--------+--------+--------+-----+--------+

Top non-repeatable levels by time:
     D:1: 760 daAuts
     D:3: 652 daAuts
     D:2: 399 daAuts
     D:4: 117 daAuts
